Map: Orbital Shipyard

Players

ILLBdA

  • Race: Protoss Protoss
  • League: Diamond

DOMINATOR - Winner!

  • Race: Protoss Protoss
  • League: Platinum

VOD

Have the link to the VOD?

Description

Time

  • Played on: Dec. 30, 2015, 6:50 a.m.
  • Length: 6:05
Show
View Real Time Build Order
Export as new Build Order

ILLBdA Protoss 

Build Orders: Dark Templar Rush 

Get SALT Encoding   

  12  0:01  Probe (Chrono Boost)  
  13  0:11  Probe (Chrono Boost)  
  14  0:17  Pylon  
  14  0:22  Probe (Chrono Boost)  
  16  0:37  Forge  
  16  0:38  Probe (Chrono Boost)  
  16  0:49  Probe (Chrono Boost)  
  17  1:09  Probe (Chrono Boost)  
  17  1:18  Gateway  
  17  1:19  Probe (Chrono Boost)  
  17  1:21  Assimilator  
  18  1:30  Probe (Chrono Boost)  
  18  1:32  Assimilator  
  19  1:37  Pylon  
  19  1:40  Probe (Chrono Boost)  
  20  1:51  Probe (Chrono Boost)  
  21  1:56  Photon Cannon  
  21  1:59  Photon Cannon  
  21  2:05  Gateway  
  21  2:07  Probe (Chrono Boost)  
  22  2:18  Cybernetics Core  
  22  2:19  Probe (Chrono Boost)  
  23  2:24  Photon Cannon  
  23  2:29  Photon Cannon  
  23  2:35  Probe (Chrono Boost), Zealot  
  26  2:45  Probe (Chrono Boost)  
  27  2:52  Pylon  
  27  2:56  Probe (Chrono Boost)  
  28  3:03  Photon Cannon  
  28  3:06  Probe (Chrono Boost)  
  29  3:12  Twilight Council  
  29  3:16  Stalker  
  29  3:17  Probe (Chrono Boost)  
  32  3:25  Warp Gate (Chrono Boost)  
  32  3:27  Mothership Core  
  34  3:47  Pylon  
  34  3:48  Pylon  
  34  3:53  Dark Shrine  
  34  4:10  Gateway  
  34  4:11  Sentry, Gateway  
  34  4:13  Gateway  
  36  4:18  Pylon  
  36  4:28  Probe  
  37  4:39  Gateway  
  37  4:40  Probe  
  38  4:52  Probe  
  34  5:14  Dark Templar  
  34  5:15  Dark Templar x2  
  40  5:22  Probe  
  41  5:33  Nexus  
  41  5:34  Probe  
  42  5:46  Probe  
  39  6:00  Dark Templar  
Show
View Real Time Build Order
Export as new Build Order

DOMINATOR Protoss - Winner!

Build Orders: Oracle Opening 

Get SALT Encoding   

  12  0:01  Probe (Chrono Boost)  
  13  0:11  Probe (Chrono Boost)  
  14  0:17  Pylon  
  14  0:22  Probe (Chrono Boost)  
  16  0:35  Probe (Chrono Boost)  
  16  0:36  Gateway  
  16  0:46  Probe (Chrono Boost)  
  16  0:47  Assimilator  
  17  0:57  Probe (Chrono Boost)  
  18  1:01  Gateway  
  18  1:07  Probe (Chrono Boost)  
  19  1:15  Assimilator  
  19  1:18  Probe (Chrono Boost)  
  20  1:29  Cybernetics Core  
  20  1:31  Probe (Chrono Boost)  
  21  1:38  Pylon  
  21  1:41  Probe (Chrono Boost)  
  22  1:52  Probe (Chrono Boost)  
  23  2:02  Probe (Chrono Boost)  
  23  2:05  Pylon  
  24  2:08  Stalker (Chrono Boost)  
  24  2:13  Mothership Core  
  28  2:18  Pylon  
  28  2:27  Stalker (Chrono Boost)  
  28  2:28  Pylon  
  30  2:34  Probe  
  30  2:36  Stargate  
  31  2:46  Stalker (Chrono Boost)  
  33  3:12  Nexus  
  33  3:30  Oracle (Chrono Boost)  
  36  3:40  Robotics Facility  
  36  3:43  Pylon  
  36  3:45  Pylon  
  36  3:53  Probe  
  37  4:00  Warp Gate (Chrono Boost)  
  37  4:05  Probe  
  37  4:08  Void Ray  
  42  4:17  Probe  
  42  4:22  Probe  
  43  4:29  Probe  
  45  4:33  Probe  
  44  4:41  Probe  
  45  5:04  Probe  
  45  5:05  Observer (Chrono Boost)  
  47  5:08  Probe, Void Ray  
  47  5:12  Assimilator  
  47  5:14  Assimilator  
  52  5:16  Probe  
  52  5:18  Probe  
  54  5:28  Probe, Nexus  
  55  5:29  Probe  
  55  5:31  Robotics Bay  
  56  5:39  Probe  
  56  5:40  Probe  
  57  5:50  Probe  
  57  5:52  Probe  
Tags
 
Add a new tag
Caveats
  • Supply blocks, unpowered buildings, or Contaminate may cause inaccurate times.
  • Supply counts are checked every 10 seconds.